 Dungeon Crawl Stone Soup version 0.28.0-53-g5a82cb258f (webtiles) character file.

Game seed: 16703980917907127577

156849 ZoeForever1 the Impregnable (level 17, 0/156 HPs)
             Began as a Minotaur Berserker on June 1, 2022.
             Was the Champion of Trog.
             Slain by Arachne
             ... wielding a staff of poison
              (17 damage)
             ... on level 3 of the Spider Nest on June 2, 2022.
             The game lasted 01:12:52 (31003 turns).

ZoeForever1 the Impregnable (Minotaur Berserker)   Turns: 31003, Time: 01:12:53

Health: 0/156      AC: 36    Str: 30      XL:     17   Next: 11%
Magic:  15/16      EV: 10    Int: 12 (13) God:    Trog [******]
Gold:   1690       SH:  0    Dex:  5      Spells: 16/16 levels left

rFire   + . .      SeeInvis +   p - +10 dark maul {vorpal}
rCold   . . .      Faith    .   (shield currently unavailable)
rNeg    . . .      Spirit   .   W - +1 plate armour of the Equinox {Rampage Regen+ SInv}
rPois   .          Reflect  .   (helmet unavailable)
rElec   .          Harm     .   M - +2 cloak
rCorr   .          Rampage  +   r - +2 pair of gloves {infuse}
Will    +++..                   N - +2 pair of boots {rampage}
Stlth   ..........              P - amulet of Mautulich {+Inv Regen+ Int+9 Dex-5 Slay-5}
HPRegen 2.96/turn               u - +4 ring of protection
MPRegen 0.15/turn               a - +4 ring of evasion

@: lethally poisoned (0 -> -4), strong-willed, held, regenerating
A: horns 3, retaliatory headbutt, fire resistance 1, sense surroundings 1
a: Renounce Religion, Evoke Invisibility, Berserk, Trog's Hand, Brothers in Arms


You were on level 3 of the Spider Nest.
You worshipped Trog.
Trog was exalted by your worship.
You visited 5 branches of the dungeon, and saw 27 of its levels.
You also visited: Gauntlet.

You collected 2812 gold pieces.
You spent 1122 gold pieces at shops.

Inventory:

Hand Weapons
 n - a +1 great mace of flaming
 p - the +10 dark maul (weapon) {vorpal}
   (You found it on level 4 of the Dungeon)

   It inflicts extra damage upon your enemies.
 q - a +8 executioner's axe of electrocution
 J - the +4 flail "Guess" {holy, rElec rN++ Dex-5 Stlth+}
   (You found it on level 6 of the Lair of Beasts)

   It has been blessed by the Shining One to cause great damage to the undead
   and demons.
   Dex:       It affects your dexterity (-5).
   rElec:     It insulates you from electricity.
   rN:        It greatly protects you from negative energy.
   Stlth:     It makes you more stealthy.
 S - the +10 war axe of Guaroch {freeze, *Rage *Noise rCorr Stlth+}
   (You found it on level 13 of the Dungeon)

   It freezes those it strikes, dealing additional cold damage.
   It can also slow down cold-blooded creatures.
   *Noise:    It may make noises in combat.
   *Rage:     It berserks you when you make melee attacks (+20% chance).
   rCorr:     It protects you from acid and corrosion.
   Stlth:     It makes you more stealthy.
 T - a +4 dire flail of flaming
 U - a +2 antimagic battleaxe
 Z - the +6 war axe of Fatigue {vorpal, rElec}
   (You found it on level 15 of the Dungeon)

   It inflicts extra damage upon your enemies.
   rElec:     It insulates you from electricity.
Armour
 r - a +2 pair of gloves of infusion (worn)
 w - a +5 plate armour of cold resistance
 x - a +2 kite shield of reflection
 K - the +1 leather armour "Naibucots" {rElec Str-4 Dex+9 Slay+5}
   (You found it on level 9 of the Dungeon)

   Str:       It affects your strength (-4).
   Dex:       It affects your dexterity (+9).
   Slay:      It affects your accuracy & damage with ranged weapons and melee
   (+5).
   rElec:     It insulates you from electricity.
 M - a +2 cloak (worn)
 N - a +2 pair of boots of rampaging (worn)
 Q - the +1 chain mail of the Valley of Death {Fly Will+ Str+4 Dex+3}
   (You took it off a minotaur in a Gauntlet)

   Str:       It affects your strength (+4).
   Dex:       It affects your dexterity (+3).
   Fly:       It grants you flight.
   Will:      It increases your willpower.
 W - the +1 plate armour of the Equinox (worn) {Rampage Regen+ SInv}
   (You acquired it on level 2 of the Lair of Beasts)

   SInv:      It lets you see invisible.
   Regen:     It increases your rate of health regeneration.
   Rampage:   It bestows one free step when moving towards enemies.
Jewellery
 a - a +4 ring of evasion (right hand)
 d - a ring of positive energy
 t - an amulet of reflection
 u - a +4 ring of protection (left hand)
 v - a +4 ring of protection
 y - a ring of protection from fire
 D - an amulet of guardian spirit
 H - an amulet of the acrobat
 P - the amulet of Mautulich (around neck) {+Inv Regen+ Int+9 Dex-5 Slay-5}
   (You found it in a Gauntlet)

   [amulet of regeneration]

   Int:       It affects your intelligence (+9).
   Dex:       It affects your dexterity (-5).
   Slay:      It affects your accuracy & damage with ranged weapons and melee
   (-5).
   +Inv:      It lets you turn invisible.
   Regen:     It increases your rate of health regeneration.
Wands
 b - a wand of iceblast (26)
 f - a wand of charming (1)
 i - a wand of flame (68)
 o - a wand of mindburst (38)
 F - a wand of polymorph (13)
 R - a wand of digging (13)
Scrolls
 c - 9 scrolls of blinking
 h - 9 scrolls of teleportation
 m - a scroll of magic mapping
 z - 6 scrolls of fog
 A - 3 scrolls of identify
 C - 5 scrolls of fear
 G - 2 scrolls of silence
 O - 5 scrolls of summoning
Potions
 e - 4 potions of flight
 g - 6 potions of curing
 j - 5 potions of heal wounds
 l - 3 potions of attraction
 s - 3 potions of haste
 E - 2 potions of might
 I - a potion of lignification
 L - 5 potions of mutation
 V - 4 potions of berserk rage
 X - 2 potions of magic
 Y - 2 potions of invisibility
Miscellaneous
 k - a lightning rod (2/4) (quivered)


   Skills:
 + Level 15.5 Fighting
 + Level 16.9(18.8) Axes
 + Level 13.7(17.2) Maces & Flails
 * Level 21.1 Armour
 + Level 14.1 Dodging
 + Level 5.5 Evocations


You had 16 spell levels left.
You didn't know any spells.
Your spell library was empty.

Dungeon Overview and Level Annotations

Branches:
Dungeon (15/15)            Temple (1/1) D:4            Lair (6/6) D:11
  Swamp (0/4) Lair:4       Spider (3/4) Lair:2        Slime (0/5) Lair:6
    Orc (2/2) D:9             Elf (0/3) Orc:2        Vaults (0/5) D:14
 Depths (0/4) D:15        Gauntlet (visited)

Altars:
Ashenzari
Cheibriados
Dithmenos
Elyvilon
Fedhas
Gozag
Hepliaklqana
Kikubaaqudgha
Makhleb
Nemelex Xobeh
Okawaru
Qazlal
Ru
Sif Muna
Trog
Uskayaw
Vehumet
Wu Jian
Xom
Yredelemnul
Zin
The Shining One
Jiyva

Shops:
D:4 *   D:5 ***   D:7 *   D:9 [   D:10 [=(   D:11 :   D:12 [   D:13 *
Orc:2 ?*:

Annotations:
D:10 3 runed translucent doors
D:15 2 transporters, OhItsWolfy's ghost, adept HOFi
Lair:6 1 runed translucent door
Spider:3 Arachne


Innate Abilities, Weirdness & Mutations

You have a pair of large horns on your head.
You reflexively headbutt those who attack you in melee.
Your flesh is heat resistant. (rF+)
You passively map a small area around you.


Message History

The meliai poisons you!
Arachne hits you with a staff of poison.
Arachne envenoms you!!
* * * LOW HITPOINT WARNING * * *
You are more poisoned.
The redback bites you but does no damage.
Your skin crawls.
You feel strong-willed.
You feel very sick. The meliai hits you but does no damage.
The meliai stings you.
* * * LOW HITPOINT WARNING * * *
You are more poisoned.
The meliai poisons you! The meliai hits you with a +0 hand axe.
* * * LOW HITPOINT WARNING * * *
The meliai stings you but does no damage.
The meliai hits you but does no damage.
The meliai stings you but does no damage.
The meliai calls upon its god to heal the meliai.
The meliai is healed somewhat.
Arachne hits you but does no damage. Arachne envenoms you!
* * * LOW HITPOINT WARNING * * *
You are more poisoned.
The redback barely misses you. You furiously retaliate!
You headbutt the redback! The meliai hits you but does no damage.
The meliai stings you but does no damage.
The meliai closely misses you. You furiously retaliate!
You headbutt the meliai!
The meliai stings you but does no damage.
You feel much better.
You feel very sick. The meliai hits you but does no damage.
The meliai stings you but does no damage.
The meliai invokes the aid of its god against you.
Something smites you!
* * * LOW HITPOINT WARNING * * *
The meliai barely misses you. You furiously retaliate!
You headbutt the meliai!
You kill the meliai!
Trog accepts your kill. Arachne hits you but does no damage.
Arachne envenoms you!
You die...

.........,,,*,,,,,*,,,,,,,,,,,**
..................##.....,,,,,*
........##.........#.....,,,,,*
........#*#.........#..^*,,,,**
.......#*##............****,,*
.......###...........##* **,*
.......#........s.....# ***
..>............)yy....##
^..............H@s..?..#
##......#...^..........#
##.....##^.......###..##
...^...#*.....#### #..##
####...#*##.##* ##..# # #)..#
#** #######..##### # ##..##
###(...........# # #...#
###..............# *
##††###............>...#


You could see Arachne, a tarantella, a redback and 2 meliai.

Vanquished Creatures
  Rupert (Lair:3)
  Kirke (D:12)
  2 ghost moths (Spider:3)
  An orc warlord (Orc:1)
  Aizul (Spider:3)
  Louise (Spider:2)
  2 broodmothers
  A stone giant (D:15)
  2 entropy weavers
  2 spark wasps (Spider:3)
  A minotaur (Gauntlet)
  An ettin (Orc:2)
  A fire dragon (D:15)
  10 hydras
  8 vault guards (D:14)
  A jorogumo (Spider:2)
  9 boulder beetles
  2 catoblepae
  3 centaur warriors
  3 two-headed ogres
  A radroach (Spider:3)
  17 death yaks
  Urug (D:11)
  3 tengu warriors (D:15)
  A hell hog (Gauntlet)
  5 orc high priests
  2 sun moths (Spider:2)
  3 steelbarb worms
  3 pharaoh ants
  7 orb spiders
  2 lindwurms (Lair:6)
  Pikel (D:4)
  8 orc sorcerers
  13 wolf spiders
  13 ugly things
  4 oklob plants
  4 cyclopes
  6 orc knights
  The ghost of mortz the Conjurer, a novice HuCj of Vehumet (D:6)
  A worldbinder (Gauntlet)
  A manticore (D:15)
  3 centaur zombies
  14 elephants
  2 black mambas (Lair:3)
  2 gargoyles (Gauntlet)
  3 efreet
  20 cane toads
  6 torpor snails
  3 demonic crawlers
  8 rime drakes
  3 yaktaurs (D:15)
  12 komodo dragons
  2 trolls
  16 meliai
  3 tyrant leeches (Lair:6)
  16 polar bears
  9 hornets
  Grinder (D:4)
  A tarantella (shapeshifter) (D:14)
  A dream sheep (Lair:6)
  12 tarantellas
  4 blink frogs
  A raiju (shapeshifter) (D:10)
  10 slime creatures
  5 flying skulls (Gauntlet)
  23 jumping spiders
  A shadow (D:11)
  2 vampires (D:13)
  A wraith (D:13)
  56 yaks
  2 fire bats (Gauntlet)
  4 basilisks
  14 culicivoras
  5 wyverns
  6 hogs
  8 vampire mosquitoes (D:12)
  A steam dragon (Lair:5)
  30 redbacks
  9 wargs
  20 water moccasins
  20 hell hounds
  An ice beast (D:6)
  4 sky beasts
  26 orc warriors
  12 black bears
  3 necrophages
  30 wolves
  2 boggarts (Gauntlet)
  6 ogres
  2 centaurs
  4 phantoms
  2 kobold brigands
  26 bullfrogs
  5 scorpions
  A gnoll sergeant (D:7)
  A water moccasin zombie (D:6)
  A water moccasin skeleton (D:7)
  37 killer bees
  3 wights (D:7)
  2 bullfrog zombies
  16 orc priests
  3 hounds
  Crazy Yiuf (D:5)
  3 jellies
  4 gnoll shamans
  Jessica (D:3)
  A centaur skeleton (D:5)
  2 iguanas (D:5)
  Ijyb (D:5)
  16 orc wizards
  A killer bee zombie (D:8)
  8 adders
  23 gnolls
  3 shadow imps
  2 dart slugs
  75 orcs
  10 ball pythons
  7 endoplasms
  A giant cockroach (D:1)
  6 goblins
  8 hobgoblins
  17 kobolds
  3 quokkas
  5 bats
  7 rats
  A bush (Lair:2)
  2 plants (Lair:5)
904 creatures vanquished.

Vanquished Creatures (others)
  A slime creature (D:14)
  An orc priest (Orc:1)
  22 fungi
  32 plants
56 creatures vanquished.

Grand Total: 960 creatures vanquished

Notes
Turn   | Place    | Note
-------+----------+-------------------------------------------
     0 | D:1      | ZoeForever1 the Minotaur Berserker began the quest for the
                  | Orb.
     0 | D:1      | Reached XP level 1. HP: 19/19 MP: 0/0
   320 | D:1      | Reached XP level 2. HP: 19/27 MP: 1/1
   534 | D:1      | Reached skill level 3 in Armour
   683 | D:1      | Reached ** piety under Trog
   757 | D:1      | Reached XP level 3. HP: 33/33 MP: 2/2
   986 | D:2      | Found a faded altar of an unknown god.
  1918 | D:3      | Reached XP level 4. HP: 34/40 MP: 3/3
  2000 | D:3      | Found a shimmering altar of Xom.
  2014 | D:3      | Identified the +10 whip of Capital Punishment {flame,
                  | *Noise rC+ Will+ Str+3}
  2134 | D:3      | Noticed Jessica
  2141 | D:3      | Killed Jessica
  2142 | D:3      | Reached skill level 4 in Armour
  2374 | D:4      | Reached skill level 5 in Axes
  2374 | D:4      | Reached XP level 5. HP: 37/47 MP: 4/4
  2672 | D:4      | Found a staircase to the Ecumenical Temple.
  2679 | D:4      | Found the +10 dark maul {vorpal}
  2950 | D:4      | Noticed a water moccasin
  2950 | D:4      | Noticed a water moccasin
  2952 | D:4      | Killed a water moccasin
  2953 | D:4      | Reached XP level 6. HP: 55/55 MP: 5/5
  2955 | D:4      | Reached skill level 5 in Armour
  2959 | D:4      | Killed a water moccasin
  2960 | D:4      | Reached skill level 5 in Fighting
  2960 | D:4      | Found Cicasso's Serpentskin Sales.
  3227 | D:4      | Noticed Grinder
  3229 | D:4      | Paralysed by Grinder for 3 turns
  3245 | D:4      | Killed Grinder
  3246 | D:4      | Reached XP level 7. HP: 47/61 MP: 6/6
  3320 | D:4      | Reached skill level 6 in Armour
  3470 | D:4      | Reached *** piety under Trog
  4114 | D:5      | Entered Level 5 of the Dungeon
  4130 | D:5      | Noticed Pikel
  4163 | D:4      | Killed Pikel
  4164 | D:4      | Reached skill level 7 in Armour
  4164 | D:4      | Reached skill level 5 in Dodging
  4164 | D:4      | Reached XP level 8. HP: 53/70 MP: 7/7
  4562 | D:5      | Reached skill level 8 in Armour
  4590 | D:5      | Found a blossoming altar of Fedhas.
  4591 | D:5      | Found Zyfifut's General Store.
  4595 | D:5      | Found Iwisi's Specific Store.
  4600 | D:5      | Bought a scroll of identify for 22 gold pieces
  4600 | D:5      | Bought a scroll of immolation for 38 gold pieces
  4754 | D:5      | Found an ancient bone altar of Kikubaaqudgha.
  4756 | D:5      | Noticed Ijyb
  4770 | D:5      | Killed Ijyb
  4928 | D:5      | Found Ucuestab's Mayhem Merchandise.
  4935 | D:5      | Bought a wand of iceblast (5) for 99 gold pieces
  4974 | D:5      | Found a runed translucent door.
  4975 | D:5      | Noticed Crazy Yiuf
  4983 | D:5      | Killed Crazy Yiuf
  5135 | D:6      | Reached XP level 9. HP: 49/78 MP: 8/8
  5306 | D:6      | Reached **** piety under Trog
  5373 | D:6      | Reached skill level 9 in Armour
  5397 | D:6      | Found a runed translucent door.
  5398 | D:6      | Noticed mortz's ghost (novice HuCj)
  5891 | D:6      | Found a radiant altar of Vehumet.
  6098 | D:6      | Killed mortz's ghost
  6099 | D:6      | Reached skill level 10 in Axes
  6185 | D:7      | Reached skill level 10 in Armour
  6189 | D:7      | Found Poikhlec's Assorted Antiques.
  6211 | D:7      | Bought a runed peridot amulet for 140 gold pieces
  6472 | D:7      | Reached XP level 10. HP: 78/87 MP: 6/9
  6473 | D:7      | Reached skill level 1 in Maces & Flails
  6566 | D:7      | Gained mutation: You have an increased reservoir of magic.
                  | (+10% MP) [potion of mutation]
  6567 | D:7      | Lost mutation: You have an increased reservoir of magic.
                  | (+10% MP) [potion of mutation]
  6567 | D:7      | Gained mutation: You have a pair of large horns on your
                  | head. [potion of mutation]
  6567 | D:7      | Gained mutation: You passively map a small area around you.
                  | [potion of mutation]
  6567 | D:7      | Gained mutation: Your flesh is heat resistant. (rF+)
                  | [potion of mutation]
  6932 | D:7      | Found a hide-covered altar of Uskayaw.
  6933 | D:7      | Found an iron altar of Okawaru.
  7059 | Temple   | Entered the Ecumenical Temple
  8136 | D:9      | Identified the +1 leather armour "Naibucots" {rElec Str-4
                  | Dex+9 Slay+5}
  8177 | D:9      | Found a staircase to the Orcish Mines.
  8182 | D:9      | Reached skill level 11 in Armour
  8194 | D:9      | Found Ozitam's Armour Shoppe.
  8473 | D:9      | Reached ***** piety under Trog
  8812 | D:9      | Noticed a two-headed ogre
  8816 | D:9      | Killed a two-headed ogre
  8937 | D:10     | Entered Level 10 of the Dungeon
  9081 | D:10     | Reached skill level 12 in Armour
  9085 | D:10     | Reached XP level 11. HP: 73/97 MP: 8/10
  9346 | D:10     | Found a runed translucent door.
  9346 | D:10     | Noticed a two-headed ogre
  9347 | D:10     | Noticed a purple ugly thing
  9347 | D:10     | Noticed a two-headed ogre
  9519 | D:10     | Found Jieny's Weapon Shop.
  9530 | D:10     | Found Hepim's Jewellery Shoppe.
  9806 | D:10     | Found Qiujuck's Antique Armour Shop.
  9809 | D:10     | Bought a pair of glowing boots for 262 gold pieces
 10148 | D:10     | Found a runed translucent door.
 10148 | D:10     | Found a runed translucent door.
 10148 | D:10     | Noticed an ogre mage
 10298 | D:11     | Noticed a death yak
 10299 | D:11     | Noticed a death yak
 10345 | D:11     | Noticed a death yak
 10352 | D:11     | Killed a death yak
 10357 | D:10     | Killed a death yak
 10358 | D:10     | Reached skill level 5 in Maces & Flails
 10362 | D:11     | Noticed a death yak
 10362 | D:11     | Noticed a death yak
 10366 | D:10     | Killed a death yak
 10539 | D:11     | Killed a death yak
 10540 | D:11     | Killed a death yak
 10541 | D:11     | Reached skill level 13 in Armour
 10888 | D:11     | Found a staircase to the Lair.
 10951 | D:11     | Found an ornate altar of the Wu Jian Council.
 10957 | D:11     | Found Miymus's Book Shoppe.
 10983 | D:11     | Reached skill level 10 in Fighting
 11250 | D:11     | Noticed Urug
 11256 | D:11     | Killed Urug
 11702 | D:12     | Found Yfyaradd's Armour Shoppe.
 11709 | D:12     | Bought a +1 pair of gloves of infusion for 231 gold pieces
 11763 | D:12     | Noticed a red ugly thing
 11769 | D:12     | Killed a red ugly thing
 12113 | D:12     | Reached XP level 12. HP: 81/106 MP: 5/11
 12445 | D:13     | Found a frozen archway.
 12469 | D:13     | Found Cymafosch's Neck Hole.
 12476 | D:13     | Found a gate leading to a gauntlet.
 12483 | Gauntlet | Entered a Gauntlet
 12483 | Gauntlet | Found a transporter.
 12490 | Gauntlet | Found a runed translucent gate.
 12490 | Gauntlet | Found a runed translucent gate.
 12490 | Gauntlet | Found a runed translucent gate.
 12496 | Gauntlet | Found a transporter.
 12498 | Gauntlet | Found a transporter.
 12499 | Gauntlet | Found a transporter.
 12503 | Gauntlet | Identified the +8 battleaxe "Xattab" {flame, *Slow rPois
                  | rF++ Stlth+} (Trog gifted it to you in a Gauntlet)
 12503 | Gauntlet | Received a gift from Trog
 12508 | Gauntlet | Reached skill level 14 in Armour
 12510 | Gauntlet | Noticed a catoblepas
 12529 | Gauntlet | Found a transporter.
 12529 | Gauntlet | Found a transporter.
 12529 | Gauntlet | Found a transporter.
 12530 | Gauntlet | Killed a catoblepas
 12542 | Gauntlet | Found a transporter.
 12542 | Gauntlet | Found a transporter.
 12552 | Gauntlet | Found a transporter.
 12557 | Gauntlet | Noticed a hell hog
 12611 | Gauntlet | Found a transporter.
 12614 | Gauntlet | Killed a hell hog
 12620 | Gauntlet | Found a transporter.
 12624 | Gauntlet | Found a transporter.
 12631 | Gauntlet | Noticed an entropy weaver
 12657 | Gauntlet | Killed an entropy weaver
 12665 | Gauntlet | Found a transporter.
 12668 | Gauntlet | Identified the amulet of Mautulich {+Inv Regen+ Int+9 Dex-5
                  | Slay-5}
 12786 | Gauntlet | Identified the +1 chain mail of the Valley of Death {Fly
                  | Will+ Str+4 Dex+3}
 12786 | Gauntlet | Noticed a minotaur
 12791 | Gauntlet | Killed a minotaur
 12955 | D:13     | Noticed Kirke
 13378 | D:13     | Reached skill level 10 in Dodging
 13420 | D:13     | Reached skill level 15 in Armour
 13870 | D:13     | Noticed a boulder beetle
 13873 | D:13     | Killed a boulder beetle
 13909 | D:13     | Identified the +10 war axe of Guaroch {freeze, *Rage *Noise
                  | rCorr Stlth+}
 13931 | D:13     | Noticed an eight-headed hydra
 13932 | D:13     | Noticed a centaur warrior
 13936 | D:13     | Killed an eight-headed hydra
 13937 | D:13     | Killed a centaur warrior
 14666 | D:12     | Killed Kirke
 14667 | D:12     | Reached XP level 13. HP: 116/116 MP: 9/12
 15190 | D:14     | Found a gate to the Vaults.
 15202 | D:14     | Reached skill level 16 in Armour
 15426 | D:15     | Entered Level 15 of the Dungeon
 15770 | D:15     | Received a gift from Trog
 16514 | D:15     | Noticed a fire dragon
 16519 | D:15     | Killed a fire dragon
 16699 | D:15     | Identified the +6 war axe of Fatigue {vorpal, rElec}
 16758 | D:15     | Found a glowing silver altar of Zin.
 16875 | D:15     | Found a transporter.
 16881 | D:15     | Found a transporter.
 16881 | D:15     | Noticed OhItsWolfy's ghost (adept HOFi)
 17020 | D:15     | Noticed a stone giant
 17021 | D:15     | Killed a stone giant
 17029 | D:15     | Reached skill level 10 in Maces & Flails
 17029 | D:15     | Reached skill level 17 in Armour
 17072 | D:15     | Found a staircase to the Depths.
 17201 | Lair:1   | Entered Level 1 of the Lair of Beasts
 17475 | Lair:1   | Reached XP level 14. HP: 127/127 MP: 11/13
 18793 | Lair:2   | Found a hole to the Spider Nest.
 19325 | Lair:2   | Identified a scroll of acquirement
 19326 | Lair:2   | Acquired the +1 plate armour of the Equinox {Rampage Regen+
                  | SInv}
 19599 | Lair:3   | Received a gift from Trog
 19948 | Lair:3   | Noticed Rupert
 19950 | Lair:3   | Killed Rupert
 20122 | Lair:3   | Reached skill level 18 in Armour
 20676 | Lair:3   | Reached skill level 15 in Axes
 21121 | Lair:4   | Found a staircase to the Swamp.
 21691 | Lair:4   | Received a gift from Trog
 21909 | Lair:4   | Reached XP level 15. HP: 137/137 MP: 12/14
 21964 | Lair:4   | Reached ****** piety under Trog
 22853 | Lair:5   | Reached skill level 1 in Evocations
 22949 | Lair:5   | Reached skill level 19 in Armour
 23161 | Lair:5   | Received a gift from Trog
 23560 | Lair:6   | Entered Level 6 of the Lair of Beasts
 23560 | Lair:6   | Found a staircase to the Slime Pits.
 23560 | Lair:6   | Found a viscous altar of Jiyva.
 23706 | Lair:6   | Identified the +4 flail "Guess" {holy, rElec rN++ Dex-5
                  | Stlth+}
 24223 | Lair:6   | Found a runed translucent door.
 24258 | Lair:6   | Paralysed by a hornet for 3 turns
 24402 | Lair:6   | Paralysed by a hornet for 1 turns
 24409 | Lair:6   | Received a gift from Trog
 25273 | Orc:1    | Entered Level 1 of the Orcish Mines
 25525 | Orc:1    | Reached XP level 16. HP: 113/147 MP: 8/15
 25527 | Orc:1    | Paralysed by an orc sorcerer for 4 turns
 25534 | Orc:1    | Received a gift from Trog
 26031 | Orc:2    | Entered Level 2 of the Orcish Mines
 26234 | Orc:2    | Reached skill level 20 in Armour
 26284 | Orc:2    | Found a staircase to the Elven Halls.
 26586 | Orc:2    | Found Gezxick's Magic Scroll Shop.
 26586 | Orc:2    | Found Yvanemurhef's Book Shoppe.
 26588 | Orc:2    | Found Seimm's General Store.
 26588 | Orc:2    | Found Jadeobet's Book Shop.
 26600 | Orc:2    | Bought a scroll of brand weapon for 240 gold pieces
 26600 | Orc:2    | Bought a scroll of enchant armour for 90 gold pieces
 27131 | Spider:1 | Entered Level 1 of the Spider Nest
 28174 | Spider:1 | Reached skill level 15 in Fighting
 28732 | Spider:2 | Noticed Louise
 28743 | Spider:2 | Killed Louise
 28861 | Spider:2 | Received a gift from Trog
 29371 | Spider:2 | Reached skill level 5 in Evocations
 29685 | Spider:2 | HP: 2/149 [meliai/+0 hand axe (8)]
 30473 | Spider:3 | Received a gift from Trog
 30477 | Spider:3 | Reached skill level 21 in Armour
 30480 | Spider:3 | Reached XP level 17. HP: 106/152 MP: 9/16
 30667 | Spider:3 | Noticed Aizul
 30672 | Spider:3 | Killed Aizul
 30997 | Spider:3 | Noticed Arachne
 31002 | Spider:3 | HP: 2/156 [Arachne/staff of poison (15)]
 31003 | Spider:3 | Slain by Arachne

Illustrated notes

Levels and vault maps discovered:
D:1:      sevenhm_arrival_forest_fort_large_4, layout_rooms,
          roderic_roman_lattice, minmay_3d_cube
D:2:      layout_basic, nicolae_ecumenical_lake_church, minmay_cut_off
D:3:      layout_loops_ring, mainiacjoe_overflow_catwalk, uniq_jessica
D:4:      minmay_skewed_foursquare, layout_basic, temple_pool_b,
          chequers_arboretum, guppyfry_shop_venom, uniq_grinder
D:5:      layout_cave_pools, kiku_gazebo_garden_becter, general_overflow_altar,
          minmay_misc_feat_chi, minmay_shop_mayhem, nicolae_specific_store,
          uniq_pikel, uniq_ijyb, uniq_crazy_yiuf_cottage
D:6:      layout_rooms, mainiacjoe_overflow_paths, ebering_ghost_reflecting_pool
D:7:      layout_rooms, gammafunk_temple_overflow_statue, serial_shops,
          nicolae_shop_overgrown_old_shop, kennysheep_generic_room_7
D:8:      minmay_evil_eye, layout_cave_pods
D:9:      layout_irregular_city, orc_david_3
D:10:     minmay_the_grid_four_pointed_star_mashed
          [minmay_the_grid_triangle_9x9_descending_squares,
          minmay_the_grid_triangle_9x9_windchime,
          minmay_the_grid_triangle_9x9_fully_insulated_deathbox,
          minmay_the_grid_triangle_9x9_empty,
          minmay_the_grid_prize_diamond_cup], layout_basic, serial_glass,
          glass_columns_b, glass_columns_b, item_on_display_a,
          minmay_strange_pillars, serial_shops, nicolae_shop_window_shopping,
          nicolae_shop_behind_doors, nicolae_shop_behind_doors
D:11:     layout_cave_pools, dpeg_lair_monsters, serial_shops,
          nicolae_shop_stone, nzn_wu_jian_contemplation, uniq_urug
D:12:     layout_stronghold, serial_shops, shop
D:13:     wad_pebble_path, layout_small_grid, gauntlet_entry_generic,
          portal_ice_cave_rime, nicolae_shop_sticking_my_neck_out, uniq_kirke
D:14:     layout_roguey, erik_vaults_2
D:15:     grunt_enter_depths_snipers, layout_cave_pools,
          minmay_misc_feat_encased, gammafunk_ghost_hive,
          hangedman_abyss_or_decor_clamps, zin_statuary
Temple:   compressed_dpeg_circular_temple
Lair:1:   layout_layer_cave, lemuel_fruit_tree
Lair:2:   layout_concentric_octagons, spider_nest_entry_funnel_web,
          minmay_lair_oklob_bushes, cheibrodos_lair_lostbears,
          serial_bayou_shore_b
Lair:3:   nzn_winding_woodlands_stair_cross [nzn_winding_woodlands_5x15_zeroes,
          nzn_winding_woodlands_center_lodge,
          nzn_winding_woodlands_5x15_sawtooth, nzn_winding_woodlands_hourglass,
          nzn_winding_woodlands_5x5_three, nzn_winding_woodlands_5x15_longhouse,
          nzn_winding_woodlands_center_pierced_h,
          nzn_winding_woodlands_5x15_twine], layout_hall_layers, uniq_rupert
Lair:4:   regret_index_combs_of_tragedy, layout_regular_city, swamp_mist_pool
Lair:5:   dpeg_oklob_gauntlet, layout_regular_city, lemuel_fruit_fields
Lair:6:   wormcave, layout_loops_ring, hangedman_lair_caniforms_friends,
          slime_altar_1
Spider:1: layout_spider_delve, hangedman_spider_tarantella_strand
Spider:2: layout_cave_pods, nicolae_spider_webbed_stairs, uniq_louise
Spider:3: layout_cave_pods, nicolae_spider_some_kinda_spiderbox, uniq_aizul,
          uniq_arachne
Orc:1:    layout_caves, abandoned_shop
Orc:2:    grunt_orc_tribal_feast, layout_diamond_mine

Skill      XL: |  1  2  3  4  5  6  7  8  9 10 11 12 13 14 15 16 |
---------------+-------------------------------------------------+-----
Axes           | 4 5 6 7 9 10 11 12 13 14 15 16 | 16.9
Armour         | 3 4 5 7 8 10 12 13 15 17 18 19 21 | 21.1
Fighting       | 4 5 6 7 9 10 11 12 13 14 15 | 15.5
Dodging        | 3 4 5 6 7 9 10 11 12 13 14 | 14.1
Maces & Flails | 4 6 8 10 11 12 13 | 13.7
Evocations     | 3 5 |  5.5

Action                   |  1- 3 |  4- 6 |  7- 9 | 10-12 | 13-15 | 16-18 || total
-------------------------+-------+-------+-------+-------+-------+-------++-------
Melee: Hand axe          |    83 |       |       |       |       |       ||    83
       Headbutt          |    14 |     3 |    30 |    23 |    54 |    33 ||   157
       Punch             |     1 |       |     4 |       |       |       ||     5
       Spear             |     4 |     5 |       |       |       |       ||     9
       Whip              |       |    48 |   126 |       |       |       ||   174
       Maul              |       |       |    45 |   215 |   556 |   329 ||  1145
       Unarmed           |       |       |       |     7 |       |       ||     7
Throw: Boomerang         |     1 |       |       |       |     3 |       ||     4
Invok: Berserk           |       |     2 |       |     4 |     3 |     6 ||    15
       Trog's Hand       |       |       |       |       |       |     4 ||     4
Evoke: Lightning rod     |       |       |       |       |     6 |    14 ||    20
       Wand              |       |       |       |       |     2 |       ||     2
  Use: Scroll            |       |       |     6 |    12 |    19 |     6 ||    43
       Potion            |       |       |       |     3 |     2 |    10 ||    15
 Stab: Distracted        |       |       |       |       |     1 |       ||     1
Armor: Animal skin       |    21 |    10 |     1 |       |       |       ||    32
       Robe              |       |       |    40 |       |       |       ||    40
       Chain mail        |       |       |    31 |   320 |   220 |       ||   571
       Plate armour      |       |       |       |       |   955 |   678 ||  1633
Dodge: Dodged            |    57 |    27 |   101 |   438 |   960 |   769 ||  2352
